 Dungeon Crawl Stone Soup version 0.28-a0-1506-g3893175d92 (webtiles) character file.

Game seed: 3770661952821488364

66908 oldriver the Quickloader (level 15, 0/112 (128) HPs)
             Began as a Gnoll Gladiator on Jan 14, 2022.
             Was an Initiate of Gozag.
             Slain by a tarantella (7 damage)
             ... on level 2 of the Lair of Beasts.
             The game lasted 00:59:17 (29895 turns).

oldriver the Quickloader (Gnoll Gladiator)         Turns: 29895, Time: 00:59:18

HP:   0/112 (128)   AC: 26    Str: 18    XL:     15   Next: 21%
MP:   0/28          EV:  5    Int: 10    God:    Gozag
Gold: 648           SH:  0    Dex: 19    Spells: 27/33 levels left

rFire   + . .      SeeInvis +   x - +3 flail (venom)
rCold   . . .      Faith    .   I - +2 kite shield
rNeg    . . .      Spirit   +   Z - +5 plate armour "Bidghis" {+Blink rPois rF- SInv}
rPois   +          Reflect  .   c - +1 helmet
rElec   .          Harm     .   P - +0 cloak
rCorr   +          Rampage  .   K - +0 pair of fencer's gloves {Riposte Dex+3}
Will    +....                   u - +0 pair of boots
Stlth   ..........              R - amulet of guardian spirit
HPRegen 0.28/turn               k - ring of protection from fire
MPRegen 0.21/turn               Q - ring of resist corrosion

@: confused, held, studying Crossbows, heavily drained
A: fangs 1, strong nose, distributed training, thin skeletal structure 1, fire
resistance 1, robust 1
a: Renounce Religion, Evoke Blink, Potion Petition, Call Merchant, Bribe Branch


You were on level 2 of the Lair of Beasts.
You worshipped Gozag.
Gozag was pleased with you.
You visited 5 branches of the dungeon, and saw 22 of its levels.
You also visited: Sewer.

You collected 5966 gold pieces.
You spent 3605 gold pieces at shops.
You paid 1713 gold pieces to Gozag.

Inventory:

Hand Weapons
 x - a +3 flail of venom (weapon)
 Y - a +0 eveningstar of draining
Missiles
 d - 5 throwing nets
 v - 5 javelins
 D - 3 silver boomerangs
 J - 4 curare-tipped darts
 L - 15 poisoned darts (quivered)
 M - 2 boomerangs of dispersal
Armour
 c - a +1 helmet (worn)
 u - a +0 pair of boots (worn)
 I - a +2 kite shield (worn)
 K - the +0 pair of fencer's gloves (worn) {Riposte Dex+3}
   (You bought it in a shop on level 9 of the Dungeon)

   It allows the wearer to riposte with melee weapons, swiftly retaliating
   against missed attacks.
   Dex:       It affects your dexterity (+3).
 P - a +0 cloak (worn)
 W - the +11 plate armour of the Forgotten Hosts {rElec Str+4 Int+4 Stlth+}
   (You bought it in a shop on level 2 of the Orcish Mines)

   Str:       It affects your strength (+4).
   Int:       It affects your intelligence (+4).
   rElec:     It insulates you from electricity.
   Stlth:     It makes you more stealthy.
 Z - the +5 plate armour "Bidghis" (worn) {+Blink rPois rF- SInv}
   (You bought it in a shop on level 2 of the Orcish Mines)

   rF:        It makes you vulnerable to fire.
   rPois:     It protects you from poison.
   SInv:      It lets you see invisible.
   +Blink:    It lets you blink.
Jewellery
 k - a ring of protection from fire (left hand)
 l - a ring of see invisible
 t - a ring of willpower
 B - a ring of protection from cold
 Q - a ring of resist corrosion (right hand)
 R - an amulet of guardian spirit (around neck)
Wands
 j - a wand of flame (20)
 y - a wand of iceblast (34)
 G - a wand of paralysis (18)
 H - a wand of mindburst (5)
 O - a wand of polymorph (6)
 S - a wand of acid (4)
Scrolls
 a - 6 scrolls of summoning
 f - 4 scrolls of identify
 g - 3 scrolls of fear
 q - 4 scrolls of teleportation
 s - 5 scrolls of blinking
 C - 3 scrolls of enchant armour
 E - a scroll of amnesia
 V - a scroll of holy word
Potions
 b - 2 potions of flight
 e - 7 potions of attraction
 i - 6 potions of lignification
 m - 3 potions of heal wounds
 n - 4 potions of mutation
 o - a potion of resistance
 p - a potion of ambrosia
 r - 5 potions of might
 w - 7 potions of haste
 z - 5 potions of curing
 A - a potion of degeneration
 F - 2 potions of brilliance
 X - a potion of berserk rage
Miscellaneous
 N - a phantom mirror
 U - a condenser vane


   Skills:
 + Level 10.9 Fighting
 + Level 9.9 Short Blades
 + Level 11.8 Long Blades
 + Level 9.9 Axes
 + Level 9.9 Maces & Flails
 + Level 9.9 Polearms
 + Level 9.9 Staves
 + Level 9.9 Slings
 + Level 9.9 Bows
 + Level 12.9 Crossbows
 + Level 10.9 Throwing
 + Level 9.9 Armour
 + Level 11.8 Dodging
 + Level 9.9 Stealth
 + Level 9.9 Shields
 + Level 9.9 Unarmed Combat
 + Level 9.9 Spellcasting
 + Level 8.3 Conjurations
 + Level 8.3 Hexes
 + Level 8.3 Summonings
 + Level 8.3 Necromancy
 + Level 8.3 Translocations
 + Level 8.3 Transmutations
 + Level 8.3 Fire Magic
 + Level 8.3 Ice Magic
 + Level 8.3 Air Magic
 + Level 8.3 Earth Magic
 + Level 8.3 Poison Magic
 + Level 10.8 Invocations
 + Level 9.9 Evocations


You had 27 spell levels left.
You knew the following spells:

 Your Spells              Type           Power      Damage    Failure   Level
a - Stone Arrow           Conj/Erth      42%        3d9       56%         3
b - Ozocubu's Armour      Ice            21%        N/A       56%         3

Your spell library contained the following spells:

 Spells                   Type           Power      Damage    Failure   Level
 Slow                     Hex            84%        N/A       24%         1
 Corpse Rot               Necr/Air       42%        N/A       34%         2
 Ensorcelled Hibernation  Hex/Ice        42%        N/A       34%         2
 Poisonous Vapours        Pois/Air       42%        N/A       34%         2
 Static Discharge         Conj/Air       21%        N/A       34%         2
 Call Canine Familiar     Summ           21%        N/A       56%         3
 Confusing Touch          Hex            21%        N/A       56%         3
 Gell's Gravitas          Tloc           21%        N/A       56%         3
 Portal Projectile        Hex/Tloc       42%        N/A       56%         3
 Spider Form              Tmut/Pois      21%        N/A       56%         3
 Teleport Other           Tloc           21%        N/A       56%         3
 Vampiric Draining        Necr           21%        2d7       56%         3
 Airstrike                Air            10%        N/A       93%         4
 Anguish                  Hex/Necr       10%        N/A       93%         4
 Animate Armour           Summ/Erth      42%        N/A       93%         4
 Leda's Liquefaction      Hex/Erth       10%        N/A       93%         4
 Summon Lightning Spire   Summ/Air       21%        N/A       93%         4
 Blade Hands              Tmut           10%        N/A       100%        5
 Irradiate                Conj/Tmut      10%        3d17      100%        5
 Lightning Bolt           Conj/Air       10%        1d23      100%        5
 Metabolic Englaciation   Hex/Ice        10%        N/A       100%        5
 Dispersal                Tloc           10%        N/A       100%        6
 Simulacrum               Ice/Necr       10%        N/A       100%        6
 Dragon Form              Tmut           10%        N/A       100%        7
 Lehudib's Crystal Spear  Conj/Erth      10%        10d4      100%        8
 Maxwell's Capacitive Co  Air            10%        ∞         100%        8


Dungeon Overview and Level Annotations

Branches:
Dungeon (12/15)            Temple (1/1) D:7            Lair (6/6) D:10
  Swamp (0/4) Lair:2       Spider (1/4) Lair:2        Slime (0/5) Lair:5
    Orc (2/2) D:9             Elf (0/3) Orc:2         Sewer (visited)

Altars:
Ashenzari
Cheibriados
Dithmenos
Elyvilon
Fedhas
Gozag
Hepliaklqana
Kikubaaqudgha
Makhleb
Nemelex Xobeh
Okawaru
Qazlal
Ru
Sif Muna
Trog
Uskayaw
Vehumet
Wu Jian
Xom
Yredelemnul
Zin
The Shining One
Beogh
Jiyva

Shops:
D:2 *   D:5 *   D:8 **   D:9 [   Orc:2 ([==*

Annotations:
D:3 1 runed translucent door
D:7 2 transporters, HallandMoats's ghost, novice GrFi
D:8 2 transporters, Maimakterion's ghost, novice DEEE


Innate Abilities, Weirdness & Mutations

You have very sharp teeth.
Your uncanny sense of smell can sniff out nearby items.
Your experience applies equally to all skills.
You have a somewhat thin skeletal structure. (Dex +2, Stealth+)
Your flesh is heat resistant. (rF+)
You are robust. (+10% HP)


Message History

You are too injured to fight recklessly!
You are too injured to fight recklessly!
Unknown command.
You block the redback's attack.
The demonic crawler shrieks in warning!
You block the pharaoh ant's attack.
A demonic crawler comes into view.
The redback barely misses you.
You hear an angry hiss. x3
You feel yourself speed up. The pharaoh ant bites you!
You feel drained.
Being near the torpor snail leaves you feeling lethargic.
You block the redback's attack. The pharaoh ant bites you.
You feel drained. You block the redback's attack.
The demonic crawler shrieks in warning!
You block the redback's attack.
The demonic crawler shrieks in warning!
You hear an angry hiss. x2
The demonic crawler shrieks in warning!
You hear a chilling moan.
There is a crawl-hole back to the Lair, spattered with blood here.
The tarantella touches you but does no damage.
The pharaoh ant bites you. You block the tarantella's attack.
The redback bites you but does no damage.
The pharaoh ant completely misses you.
You climb upwards.
Welcome back to the Lair of Beasts!
You feel yourself speed up.
There is a hole to the Spider Nest here.
You barely miss the tarantella.
The tarantella touches you but does no damage.
You block the pharaoh ant's attack. The tarantella touches you.
You are confused.
Unknown command.
You are caught in the web!
The pharaoh ant bites you!!
* * * LOW HITPOINT WARNING * * *
The pharaoh ant bites you!
* * * LOW HITPOINT WARNING * * *
You feel drained. The tarantella touches you!
You die...
Your body crumbles into a pile of gold.

#..###...# ##..####...######..#.
...# ##.<# #.........#.####..##
...# #..#####..........###....P#
...## #................## #.....#
....###.......^.^......# #....##
P..###P.....^..^....^..####....##
...###........^.^^.....#.#.......
........<...^^^.^................
.............^.B@^...............
.#######.....^..s^^.^^...........
.# ##...^...^..^^............ .#
#...^^^^^^.^^....#.#.#..P# .##
##....^.........P######..P# .P#
###.#.......^^.^...###P......
..###.###........^...............
.............#..#................
..#####....P.....................


You could see a pharaoh ant and a tarantella.

Vanquished Creatures
  Gastronok (D:9)
  2 dire elephants (Lair:6)
  The ghost of porpoise the Fighter, a journeyman DsBr of Nemelex Xobeh (Lair:4)
  Josephine (Lair:5)
  An ettin (Orc:2)
  3 hydras
  Fannar (D:11)
  3 boulder beetles
  2 catoblepae (Lair:3)
  Harold (D:11)
  2 two-headed ogres
  A centaur warrior (Orc:2)
  Erica (Lair:2)
  2 orc high priests
  A tengu warrior (D:11)
  2 death yaks
  Urug (Orc:2)
  Sonja (Lair:3)
  Nergalle (Lair:2)
  A steelbarb worm (Spider:1)
  A skeletal warrior (D:12)
  A spectral anaconda (Lair:6)
  An obsidian statue (Lair:6)
  4 necromancers (Lair:6)
  4 orc knights
  Pikel (D:7)
  An orc sorcerer (Orc:2)
  A wolf spider (Spider:1)
  A dire elephant zombie (Lair:6)
  15 elephants
  A cyclops (D:11)
  5 black mambas
  A torpor snail (Lair:5)
  12 cane toads
  A dire elephant skeleton (Lair:6)
  5 rime drakes
  6 komodo dragons
  A kobold demonologist (D:12)
  2 polar bears
  A tarantella (Spider:1)
  4 trolls
  6 slime creatures (D:12)
  Prince Ribbit (Lair:1)
  A spectral elephant (Lair:6)
  13 blink frogs
  7 dream sheep
  2 jumping spiders (Spider:1)
  A shadow (D:11)
  4 wraiths (Lair:5)
  44 yaks
  3 wyverns
  7 basilisks
  A redback (Spider:1)
  A fire elemental (Lair:5)
  3 steam dragons
  2 wargs (Orc:2)
  A spectral cane toad (Lair:6)
  An acid dragon (D:10)
  46 orc warriors
  10 water moccasins
  2 ice beasts
  2 black bears
  A necrophage (D:5)
  3 wolves (Lair:6)
  16 centaurs
  7 ogres
  An elephant skeleton (Lair:6)
  4 kobold brigands
  A lemure (D:6)
  15 bullfrogs
  2 cane toad simulacra (Lair:6)
  A wyvern skeleton (D:7)
  A scorpion (D:5)
  The ghost of Grognak the Covered, a weakling MiFi (D:3)
  9 killer bees
  4 wights
  9 electric eels (Lair:5)
  4 howler monkeys
  4 lava snakes (Lair:5)
  4 hounds
  15 orc priests
  2 gnoll shamans
  2 jellies
  2 bullfrog skeletons
  A scorpion zombie (D:5)
  An iguana (D:5)
  17 orc wizards
  A hell rat (Sewer)
  A howler monkey zombie (D:9)
  10 gnolls
  2 adders (D:2)
  4 river rats
  2 shadow imps (D:5)
  A white imp (D:5)
  An ufetubus (D:4)
  3 worms
  91 orcs
  6 ball pythons
  3 bats
  4 endoplasms
  2 giant cockroaches
  8 goblins
  4 hobgoblins
  3 jackals (D:3)
  21 kobolds
  2 quokkas
  7 frilled lizards
  12 rats
  A spectral hobgoblin (D:8)
572 creatures vanquished.

Vanquished Creatures (collateral kills)
  An adder (D:5)
1 creature vanquished.

Vanquished Creatures (others)
  23 fungi
  36 plants
  27 withered plants
86 creatures vanquished.

Grand Total: 659 creatures vanquished

Notes
Turn   | Place    | Note
-------+----------+-------------------------------------------
     0 | D:1      | oldriver the Gnoll Gladiator began the quest for the Orb.
     0 | D:1      | Reached XP level 1. HP: 20/20 MP: 1/1
     3 | D:1      | Noticed an electric eel
     4 | D:1      | Noticed an electric eel
   153 | D:1      | Found a faded altar of an unknown god.
   360 | D:1      | Reached XP level 2. HP: 25/26 MP: 2/2
  1000 | D:2      | Reached XP level 3. HP: 13/31 MP: 3/3
  1264 | D:2      | Found Zeibem's Assorted Antiques.
  1278 | D:2      | Bought a blue potion for 18 gold pieces
  1278 | D:2      | Bought 2 cyan potions for 37 gold pieces
  1387 | D:2      | Reached skill level 1 in Invocations
  1668 | D:2      | Reached skill level 1 in Short Blades
  1668 | D:2      | Reached skill level 1 in Axes
  1668 | D:2      | Reached skill level 1 in Maces & Flails
  1668 | D:2      | Reached skill level 1 in Polearms
  1668 | D:2      | Reached skill level 1 in Staves
  1668 | D:2      | Reached skill level 1 in Slings
  1668 | D:2      | Reached skill level 1 in Bows
  1668 | D:2      | Reached skill level 1 in Crossbows
  1668 | D:2      | Reached skill level 1 in Armour
  1668 | D:2      | Reached skill level 1 in Stealth
  1668 | D:2      | Reached skill level 1 in Shields
  1668 | D:2      | Reached skill level 1 in Unarmed Combat
  1668 | D:2      | Reached skill level 1 in Spellcasting
  1668 | D:2      | Reached skill level 1 in Evocations
  1972 | D:3      | Reached XP level 4. HP: 38/38 MP: 5/5
  2009 | D:3      | Found a runed translucent door.
  2010 | D:3      | Noticed Grognak's ghost (weakling MiFi)
  2027 | D:3      | Killed Grognak's ghost
  2028 | D:3      | Reached skill level 1 in Conjurations
  2028 | D:3      | Reached skill level 1 in Hexes
  2028 | D:3      | Reached skill level 1 in Summonings
  2028 | D:3      | Reached skill level 1 in Necromancy
  2028 | D:3      | Reached skill level 1 in Translocations
  2028 | D:3      | Reached skill level 1 in Transmutations
  2028 | D:3      | Reached skill level 1 in Fire Magic
  2028 | D:3      | Reached skill level 1 in Ice Magic
  2028 | D:3      | Reached skill level 1 in Air Magic
  2028 | D:3      | Reached skill level 1 in Earth Magic
  2028 | D:3      | Reached skill level 1 in Poison Magic
  2028 | D:3      | Reached XP level 5. HP: 22/43 MP: 6/6
  2038 | D:3      | Found a runed translucent door.
  2668 | D:4      | Found a radiant altar of Vehumet.
  2688 | D:4      | Identified the +7 leather armour of Optimism {rElec Regen+
                  | Str-2 Int-4}
  2901 | D:4      | Found a white marble altar of Elyvilon.
  2918 | D:4      | Noticed an ice beast
  2929 | D:4      | Killed an ice beast
  2930 | D:4      | Reached XP level 6. HP: 50/50 MP: 8/8
  3440 | D:5      | Entered Level 5 of the Dungeon
  3479 | D:5      | Found a glowing drain.
  3498 | Sewer    | Entered a sewer
  3547 | Sewer    | Reached skill level 5 in Fighting
  3547 | Sewer    | Reached skill level 5 in Throwing
  3558 | Sewer    | Reached skill level 2 in Crossbows
  3750 | D:5      | Reached XP level 7. HP: 56/56 MP: 10/10
  4108 | D:5      | Found a bloodstained altar of Trog.
  4237 | D:5      | Found a sacrificial altar of Ru.
  4269 | D:5      | Found a shimmering altar of Xom.
  4274 | D:5      | Found a stormy altar of Qazlal.
  4366 | D:5      | Found Gapsulo's General Store.
  4619 | D:5      | Reached XP level 8. HP: 63/63 MP: 12/12
  4673 | D:6      | Reached skill level 3 in Crossbows
  5286 | D:6      | Found an ornate altar of the Wu Jian Council.
  5307 | D:6      | Found a glowing golden altar of the Shining One.
  5395 | D:7      | Found a staircase to the Ecumenical Temple.
  5499 | D:7      | Noticed Pikel
  5509 | D:7      | Killed Pikel
  5510 | D:7      | Reached skill level 4 in Crossbows
  5510 | D:7      | Reached XP level 9. HP: 69/69 MP: 13/15
  5523 | D:7      | Found a transporter.
  5774 | Temple   | Entered the Ecumenical Temple
  5907 | Temple   | Became a worshipper of Gozag Ym Sagoz the Greedy
  6006 | D:7      | Reached skill level 5 in Invocations
  6022 | D:7      | Reached XP level 10. HP: 77/77 MP: 17/17
  6127 | D:7      | Reached skill level 5 in Short Blades
  6127 | D:7      | Reached skill level 5 in Axes
  6127 | D:7      | Reached skill level 5 in Maces & Flails
  6127 | D:7      | Reached skill level 5 in Polearms
  6127 | D:7      | Reached skill level 5 in Staves
  6127 | D:7      | Reached skill level 5 in Slings
  6127 | D:7      | Reached skill level 5 in Bows
  6127 | D:7      | Reached skill level 5 in Crossbows
  6127 | D:7      | Reached skill level 5 in Armour
  6127 | D:7      | Reached skill level 5 in Stealth
  6127 | D:7      | Reached skill level 5 in Shields
  6127 | D:7      | Reached skill level 5 in Unarmed Combat
  6127 | D:7      | Reached skill level 5 in Spellcasting
  6127 | D:7      | Reached skill level 5 in Evocations
  6197 | D:7      | Found a transporter.
  6201 | D:7      | Noticed HallandMoats's ghost (novice GrFi)
  6214 | D:7      | Found a bloodstained altar of Trog.
  6217 | D:7      | Noticed a moth of wrath
  6586 | D:8      | Noticed a cyclops
  6590 | D:8      | Noticed Maimakterion's ghost (novice DEEE)
  6610 | D:8      | Found a transporter.
  6629 | D:8      | Found a shadowy altar of Dithmenos.
  6688 | D:8      | Found a broken altar of Ashenzari.
  7065 | D:8      | Found a transporter.
  7220 | D:8      | Found Lasop's General Store.
  7224 | D:8      | Found Voiwob's Specific Store.
  7254 | D:8      | Found a hazy altar of Hepliaklqana.
  7280 | D:8      | Found a glowing silver altar of Zin.
  7333 | D:9      | Found a staircase to the Orcish Mines.
  7712 | D:9      | Noticed a two-headed ogre
  8367 | D:9      | Noticed Gastronok
  8515 | D:9      | Killed a two-headed ogre
  8516 | D:9      | Reached skill level 6 in Crossbows
  8820 | D:9      | Killed Gastronok
  8821 | D:9      | Reached XP level 11. HP: 32/84 MP: 19/19
  9293 | D:10     | Entered Level 10 of the Dungeon
  9836 | D:10     | Reached skill level 5 in Conjurations
  9836 | D:10     | Reached skill level 5 in Hexes
  9836 | D:10     | Reached skill level 5 in Summonings
  9836 | D:10     | Reached skill level 5 in Necromancy
  9836 | D:10     | Reached skill level 5 in Translocations
  9836 | D:10     | Reached skill level 5 in Transmutations
  9836 | D:10     | Reached skill level 5 in Fire Magic
  9836 | D:10     | Reached skill level 5 in Ice Magic
  9836 | D:10     | Reached skill level 5 in Air Magic
  9836 | D:10     | Reached skill level 5 in Earth Magic
  9836 | D:10     | Reached skill level 5 in Poison Magic
 10142 | D:10     | Found a staircase to the Lair.
 10188 | D:10     | Found a hide-covered altar of Uskayaw.
 10316 | D:10     | Reached skill level 7 in Crossbows
 10443 | Lair:1   | Entered Level 1 of the Lair of Beasts
 10618 | Lair:1   | HP: 4/127 [cane toad (14)]
 10620 | Lair:1   | Gained mutation: You have a pair of small antennae on your
                  | head. [potion of mutation]
 10620 | Lair:1   | Gained mutation: You are agile. (Dex +2) [potion of
                  | mutation]
 10620 | Lair:1   | Gained mutation: You are dopey. (Int -2) [potion of
                  | mutation]
 10706 | Lair:1   | Lost mutation: You are agile. (Dex +2) [potion of mutation]
 10706 | Lair:1   | Lost mutation: You have a pair of small antennae on your
                  | head. [potion of mutation]
 10706 | Lair:1   | Lost mutation: You are dopey. (Int -2) [potion of mutation]
 10706 | Lair:1   | Gained mutation: You have a somewhat thin skeletal
                  | structure. (Dex +2, Stealth+) [potion of mutation]
 10706 | Lair:1   | Gained mutation: You are robust. (+10% HP) [potion of
                  | mutation]
 10706 | Lair:1   | Gained mutation: Your flesh is heat resistant. (rF+)
                  | [potion of mutation]
 10809 | Lair:1   | Noticed a six-headed hydra
 10827 | Lair:1   | Killed a six-headed hydra
 11331 | Lair:1   | Noticed Prince Ribbit
 11350 | Lair:1   | Killed Prince Ribbit
 11934 | Lair:2   | Found a hole to the Spider Nest.
 11949 | Lair:2   | Noticed Erica
 12053 | Orc:1    | Entered Level 1 of the Orcish Mines
 12130 | Orc:1    | Noticed an orc knight
 12273 | D:9      | Killed an orc knight
 12274 | D:9      | Reached skill level 8 in Crossbows
 12352 | Orc:1    | Noticed an orc high priest
 12400 | D:9      | Bought the +0 pair of fencer's gloves {Riposte Dex+3} for
                  | 560 gold pieces
 12400 | D:9      | Found the +0 pair of fencer's gloves {Riposte Dex+3}
 12695 | D:11     | Noticed Harold
 12864 | D:11     | Noticed a cyclops
 12988 | Lair:2   | Found a staircase to the Swamp.
 13547 | Lair:2   | Noticed Nergalle
 13561 | Lair:2   | Killed Nergalle
 13562 | Lair:2   | Reached XP level 12. HP: 88/102 MP: 22/22
 14028 | Lair:2   | Killed Erica
 14312 | Lair:3   | Noticed a catoblepas
 14403 | Lair:3   | Noticed a catoblepas
 14437 | Lair:3   | Killed a catoblepas
 14710 | Lair:2   | Learned a level 3 spell: Stone Arrow
 14731 | Lair:3   | Killed a catoblepas
 14732 | Lair:3   | Reached skill level 9 in Crossbows
 14932 | Lair:2   | Reached skill level 10 in Long Blades
 14932 | Lair:2   | Reached skill level 10 in Dodging
 15332 | Lair:3   | Noticed Sonja
 15775 | Orc:1    | Killed an orc high priest
 16034 | Orc:2    | Entered Level 2 of the Orcish Mines
 16061 | Orc:2    | Noticed an ettin
 16185 | Orc:2    | HP: 1/104 [ettin (28)]
 16462 | Lair:3   | Killed Sonja
 16849 | Lair:4   | Reached XP level 13. HP: 104/111 MP: 24/24
 16895 | Lair:4   | Reached skill level 10 in Crossbows
 17378 | Lair:4   | Found a runed translucent door.
 17379 | Lair:4   | Noticed porpoise's ghost (journeyman DsBr)
 18566 | D:11     | Killed Harold
 18692 | D:11     | Noticed Fannar
 19180 | Lair:5   | Noticed Josephine
 19193 | Lair:5   | Killed Josephine
 20109 | Lair:5   | Learned a level 3 spell: Ozocubu's Armour
 20125 | Lair:5   | Reached skill level 11 in Crossbows
 20670 | Lair:5   | Found a viscous altar of Jiyva.
 20670 | Lair:5   | Found a staircase to the Slime Pits.
 21293 | D:11     | Killed Fannar
 21509 | D:11     | Reached skill level 10 in Fighting
 21509 | D:11     | Reached skill level 10 in Throwing
 21523 | D:11     | Reached XP level 14. HP: 90/121 MP: 18/26
 23321 | Orc:2    | Found Moxkorhe's General Store.
 23716 | Orc:2    | Reached skill level 10 in Invocations
 24240 | Orc:2    | Found Riegguxt's Armour Emporium.
 24240 | Orc:2    | Found Hahoiri's Jewellery Shop.
 24242 | Orc:2    | Found Sydghonge's Jewellery Boutique.
 24244 | Orc:2    | Found Toetifay's Weapon Shoppe.
 24258 | Orc:2    | Bought the +11 plate armour of the Forgotten Hosts {rElec
                  | Str+4 Int+4 Stlth+} for 1837 gold pieces
 24275 | Orc:2    | Bought a +0 pair of boots for 76 gold pieces
 24811 | Orc:2    | Found a staircase to the Elven Halls.
 24956 | Orc:1    | Noticed Urug
 24990 | Orc:2    | Reached skill level 12 in Crossbows
 24993 | Orc:2    | Killed Urug
 25934 | Lair:6   | Entered Level 6 of the Lair of Beasts
 26579 | Lair:6   | Noticed a dire elephant
 26579 | Lair:6   | Noticed a dire elephant
 26894 | Lair:6   | Killed a dire elephant
 26923 | Lair:6   | Killed a dire elephant
 28000 | Lair:6   | Reached XP level 15. HP: 128/128 MP: 28/28
 29042 | Lair:4   | Identified the +6 quarterstaff of the Eternal Warrior
                  | {protect, *Corrode Fly Str+4}
 29193 | Lair:4   | Killed porpoise's ghost
 29493 | Orc:2    | Bought the +5 plate armour "Bidghis" {+Blink rPois rF-
                  | SInv} for 1077 gold pieces
 29679 | Spider:1 | Entered Level 1 of the Spider Nest
 29895 | Lair:2   | Slain by a tarantella

Illustrated notes

Levels and vault maps discovered:
D:1:      arrival_aquarium_b, layout_loops_corners,
          ebering_ecumenical_altar_box, patterned_corridor
D:2:      layout_basic, serial_shops, nicolae_shop_overgrown_old_shop,
          grunt_ministairs_4
D:3:      layout_basic, ebering_ghost_sewer_f, minmay_misc_feat_ornament
D:4:      layout_basic, elyvilon_altar_1, mainiacjoe_overflow_paths
D:5:      layout_basic, trog_hazing_becter, minitemple, portal_sewer_entry_d,
          serial_shops, nicolae_shop_stone
D:6:      layout_basic, lemuel_crystal_altar, general_overflow_altar
D:7:      layout_loops_ring, minmay_temple_entry_waves,
          gammafunk_ghost_wrathful_warriors, st_stairs_5, minmay_manual_mares,
          uniq_pikel
D:8:      layout_gridville, mainiacjoe_overflow_catwalk,
          nicolae_dithmenos_the_darkroom,
          nicolae_hepliaklqana_monster_ancestors, zin_statuary,
          gammafunk_ghost_arena, nicolae_specific_store
D:9:      nicolae_cairo_tiling_large_dashed, layout_loops_corners, david_orc_5,
          uniq_gastronok
D:10:     layout_basic, mainiacjoe_overflow_alcove_2,
          grunt_lair_entry_orc_guard_hut, hangedman_decor_opposing
D:11:     layout_stronghold, uniq_harold, uniq_fannar
D:12:     layout_rooms, minmay_sticks_and_stones
Temple:   nicolae_temple_figure_zero
Lair:1:   layout_cellular_growth, uniq_prince_ribbit2
Lair:2:   layout_small_grid, swamp_mist, spider_nest_entry_web_field,
          uniq_erica, uniq_nergalle
Lair:3:   layout_hall_layers, grunt_megastairs_4, uniq_sonja
Lair:4:   nzn_winding_woodlands_small [nzn_winding_woodlands_5x15_parted,
          nzn_winding_woodlands_center_diamonds,
          nzn_winding_woodlands_5x15_split_checker], layout_regular_city,
          gammafunk_ghost_grave, chequers_serial_rivers_micro_e,
          chequers_serial_rivers_marsh, kennysheep_basilisk_garden
Lair:5:   layout_regular_city, slime_altar_1, nicolae_quartered_pool_impasse,
          nicolae_lair_liquid_snakes, infiniplex_staircase_pool, uniq_josephine
Lair:6:   due_jungle_book, layout_big_grid, nzn_sisyphean_effort
Spider:1: layout_spider_delve, nicolae_spider_circle_web,
          nicolae_spider_spiderdrome
Orc:1:    nicolae_orc_accident_3, layout_caves, basic_altar, uniq_urug
Orc:2:    st_orc_rangers, layout_diamond_mine, serial_shops,
          nicolae_shop_waterfront

Skill      XL: |  1  2  3  4  5  6  7  8  9 10 11 12 13 14 |
---------------+-------------------------------------------+-----
Invocations    | 1 2 3 4 5 6 7 8 9 10 | 10.8
Short Blades   | 1 2 4 5 6 7 8 9 |  9.9
Axes           | 1 2 4 5 6 7 8 9 |  9.9
Maces & Flails | 1 2 4 5 6 7 8 9 |  9.9
Polearms       | 1 2 4 5 6 7 8 9 |  9.9
Staves         | 1 2 4 5 6 7 8 9 |  9.9
Slings         | 1 2 4 5 6 7 8 9 |  9.9
Bows           | 1 2 4 5 6 7 8 9 |  9.9
Crossbows      | 1 2 4 6 8 9 11 12 | 12.9
Armour         | 1 2 4 5 6 7 8 9 |  9.9
Stealth        | 1 2 4 5 6 7 8 9 |  9.9
Shields        | 1 2 4 5 6 7 8 9 |  9.9
Unarmed Combat | 1 2 4 5 6 7 8 9 |  9.9
Spellcasting   | 1 2 4 5 6 7 8 9 |  9.9
Evocations     | 1 2 4 5 6 7 8 9 |  9.9
Conjurations   | 1 2 3 4 5 6 7 8 |  8.3
Hexes          | 1 2 3 4 5 6 7 8 |  8.3
Summonings     | 1 2 3 4 5 6 7 8 |  8.3
Necromancy     | 1 2 3 4 5 6 7 8 |  8.3
Translocations | 1 2 3 4 5 6 7 8 |  8.3
Transmutations | 1 2 3 4 5 6 7 8 |  8.3
Fire Magic     | 1 2 3 4 5 6 7 8 |  8.3
Ice Magic      | 1 2 3 4 5 6 7 8 |  8.3
Air Magic      | 1 2 3 4 5 6 7 8 |  8.3
Earth Magic    | 1 2 3 4 5 6 7 8 |  8.3
Poison Magic   | 1 2 3 4 5 6 7 8 |  8.3
Fighting       | 5 6 7 8 9 10 | 10.9
Throwing       | 5 6 7 8 9 10 | 10.9
Long Blades    | 7 8 9 10 11 | 11.8
Dodging        | 7 8 9 10 11 | 11.8

Action                   |  1- 3 |  4- 6 |  7- 9 | 10-12 | 13-15 || total
-------------------------+-------+-------+-------+-------+-------++-------
Melee: Long sword        |    82 |    49 |       |       |       ||   131
       Punch             |     1 |     1 |     7 |       |       ||     9
       Bite              |     6 |     5 |    29 |   111 |   314 ||   465
       Flail             |       |    38 |   265 |   691 |  1463 ||  2457
Throw: Stone             |    76 |    32 |    40 |    53 |     1 ||   202
       Dart              |       |       |       |    55 |   103 ||   158
       Throwing net      |       |       |       |     1 |     4 ||     5
       Javelin           |       |       |       |       |    10 ||    10
 Cast: Stone Arrow       |       |       |       |    14 |    58 ||    72
       Ozocubu's Armour  |       |       |       |       |     1 ||     1
Invok: Call Merchant     |       |       |       |     1 |       ||     1
       Potion Petition   |       |       |       |     1 |     1 ||     2
Evoke: Wand              |       |       |       |    12 |     2 ||    14
       Phantom mirror    |       |       |       |     1 |     2 ||     3
  Use: Scroll            |       |    10 |     2 |     9 |     3 ||    24
       Potion            |       |       |       |     7 |     1 ||     8
 Stab: Sleeping          |     2 |     2 |       |     4 |     2 ||    10
       Distracted        |       |       |       |     5 |     6 ||    11
       Petrified         |       |       |       |     3 |       ||     3
Armor: Leather armour    |    33 |    22 |   137 |   197 |   182 ||   571
       Skin              |       |       |       |     2 |       ||     2
       Plate armour      |       |       |       |       |   414 ||   414
Dodge: Dodged            |    81 |    72 |   260 |   381 |   733 ||  1527
Block: Tower shield      |       |       |   133 |   184 |       ||   317
       Kite shield       |       |       |       |   467 |  1211 ||  1678
       Rpst.: Flail      |       |       |       |    53 |   179 ||   232

Table legend: (Time is in decaauts)
 A = Elapsed time spent in this place.
 B = Non-inter-level travel time spent in this place.
 C = Inter-level travel time spent in this place.
 D = Time resting spent in this place.
 E = Time spent auto-exploring this place.
 F = Levels seen in this place.
 G = Mean time per level.
                   A        B        C        D        E       F      G
               +--------+--------+--------+--------+--------+-----+--------+
         Total |  30466 |  27631 |   2835 |   4997 |  14506 |  23 | 1324.6 |
       Dungeon |  14811 |  13201 |   1610 |   2156 |   7565 |  12 | 1234.2 |
        Temple |    146 |    120 |     26 |      0 |    112 |   1 |  146.0 |
          Lair |  11188 |  10331 |    857 |   2148 |   5298 |   6 | 1864.7 |
   Spider Nest |    223 |    223 |      0 |      0 |    125 |   1 |  223.0 |
  Orcish Mines |   3971 |   3631 |    340 |    692 |   1369 |   2 | 1985.5 |
         Sewer |    125 |    125 |      0 |      0 |     35 |   1 |  125.0 |
               +--------+--------+--------+--------+--------+-----+--------+

Top non-repeatable levels by time:
  Lair:6: 3101 daAuts
   Orc:2: 3045 daAuts
     D:9: 2690 daAuts
    D:11: 2004 daAuts
  Lair:4: 1862 daAuts
  Lair:5: 1813 daAuts
    D:10: 1708 daAuts
  Lair:1: 1567 daAuts
  Lair:3: 1424 daAuts
  Lair:2: 1419 daAuts
     D:5: 1194 daAuts
     D:8: 1094 daAuts
     D:2: 1037 daAuts
     D:7: 1031 daAuts
   Orc:1: 926 daAuts
